 Dungeon Crawl Stone Soup version 0.27.0-1-g7a089689b8 (webtiles) character file.

Game seed: 13848532406950231728

6359 garrulousMonolith the Carver (level 10, -1/77 HPs)
             Began as a Demonspawn Gladiator on Aug 13, 2021.
             Was a Priest of Yredelemnul.
             Slain by an orc knight (6 damage)
             ... in a bailey.
             The game lasted 00:19:48 (9800 turns).

garrulousMonolith the Carver (Demonspawn Gladiator) Turns: 9800, Time: 00:19:49

Health: -1/77      AC: 23    Str: 16    XL:     10   Next: 65%
Magic:  16/16      EV: 15    Int: 12    God:    Yredelemnul [***...]
Gold:   439        SH:  0    Dex: 14    Spells: 9/9 levels left

rFire    + . .     SeeInvis .   v - +1 hand axe (elec)
rCold    . . .     Faith    +   (no shield)
rNeg     . . .     Spirit   .   B - +0 steam dragon scales
rPois    .         Reflect  .   c - +1 helmet
rElec    .         Harm     .   b - scarf {+Inv}
rCorr    .         Rampage  .   x - +2 pair of gloves
Will     ++...                  S - +1 pair of boots
Stlth    +.........             D - amulet of faith
HPRegen  0.22/turn              e - ring of protection from fire
MPRegen  0.15/turn              E - ring of willpower

@: sanguine armoured
A: hooves 2, foul stench 1, powered by death 3, sanguine armour 2, demonic
willpower
a: Renounce Religion, Evoke Invisibility, Recall Undead Slaves, Injury Mirror,
Animate Dead


You were in a bailey.
You worshipped Yredelemnul.
Yredelemnul was most pleased with you.
You visited 2 branches of the dungeon, and saw 11 of its levels.
You also visited: Bailey.

You collected 514 gold pieces.
You spent 75 gold pieces at shops.

Inventory:

Hand Weapons
 a - a +0 long sword
 g - a +0 glaive
 k - a +0 trident
 v - a +1 hand axe of electrocution (weapon)
 O - a +1 war axe of freezing
 T - a +0 whip of electrocution
Missiles
 d - 4 throwing nets
 i - 40 poisoned darts (quivered)
 U - 2 curare-tipped darts
Armour
 b - a scarf of invisibility (worn)
 c - a +1 helmet (worn)
 x - a +2 pair of gloves (worn)
 y - a +0 plate armour
 B - +0 steam dragon scales (worn)
 S - a +1 pair of boots (worn)
Jewellery
 e - a ring of protection from fire (left hand)
 l - a ring of fire
 n - a ring of flight
 D - an amulet of faith (around neck)
 E - a ring of willpower (right hand)
 W - a +4 ring of evasion
Wands
 m - a wand of flame (8)
 z - a wand of mindburst (26)
 J - a wand of iceblast (13)
 R - a wand of paralysis (14)
 V - a wand of charming (7)
 X - a wand of polymorph (7)
Scrolls
 q - 3 scrolls of enchant armour
 r - a scroll of fog
 t - a scroll of blinking {unknown}
 u - 3 scrolls of amnesia {unknown}
 A - a scroll of fear {unknown}
 G - a scroll of immolation {unknown}
 H - 2 scrolls of enchant weapon {unknown}
 I - 3 scrolls of teleportation
 K - 2 scrolls of silence {unknown}
 L - 2 scrolls of identify
 M - 2 scrolls of noise {unknown}
 N - a scroll of magic mapping {unknown}
Potions
 f - 4 potions of heal wounds
 h - 3 potions of lignification
 j - 4 potions of haste
 o - 3 potions of cancellation {unknown}
 p - a potion of flight {unknown}
 s - 4 potions of curing
 C - a potion of berserk rage
 F - 6 potions of attraction
 P - 4 potions of mutation
 Q - a potion of resistance {unknown}
 Y - 2 potions of might {unknown}
 Z - a potion of invisibility {unknown}


   Skills:
 + Level 6.9 Fighting
 * Level 9.2 Long Blades
 - Level 2.0 Throwing
 + Level 5.9 Armour
 + Level 6.6 Dodging
 + Level 8.1 Invocations


You had 9 spell levels left.
You didn't know any spells.
Your spell library contained the following spells:

 Spells                   Type           Power      Damage    Failure   Level
 Foxfire                  Conj/Fire      0%         2x1d4     32%         1
 Sting                    Tmut/Pois      0%         1d3       32%         1
 Summon Small Mammal      Summ           0%         N/A       32%         1
 Corpse Rot               Necr/Air       N/A        N/A       45%         2
 Static Discharge         Conj/Air       0%         N/A       45%         2
 Sublimation of Blood     Necr           0%         N/A       45%         2
 Wereblood                Tmut           0%         N/A       45%         2
 Call Canine Familiar     Summ           0%         N/A       69%         3
 Conjure Flame            Conj/Fire      0%         6-21      69%         3
 Inner Flame              Hex/Fire       0%         N/A       69%         3
 Summon Guardian Golem    Hex/Summ       0%         N/A       69%         3
 Dispel Undead            Necr           0%         3d6       97%         4
 Iskenderun's Mystic Bla  Conj/Tloc      0%         2d3       97%         4
 Olgreb's Toxic Radiance  Pois           0%         N/A       97%         4
 Sticky Flame             Conj/Fire      0%         2d3       97%         4
 Metabolic Englaciation   Hex/Ice        0%         N/A       100%        5
 Storm Form               Tmut/Air       0%         N/A       100%        7
 Summon Hydra             Summ           0%         N/A       100%        7
 Lehudib's Crystal Spear  Conj/Erth      0%         10d2      100%        8


Dungeon Overview and Level Annotations

Branches:
Dungeon (10/15)            Temple (1/1) D:7            Lair (0/6) D:8
    Orc (0/2) D:10         Bailey (1/1)

Altars:
Ashenzari
Cheibriados
Dithmenos
Elyvilon
Fedhas
Gozag
Hepliaklqana
Kikubaaqudgha
Makhleb
Nemelex Xobeh
Okawaru
Qazlal
Ru
Sif Muna
Trog
Uskayaw
Vehumet
Wu Jian
Xom
Yredelemnul
Zin
The Shining One

Shops:
D:5 [   D:6 (   D:10 !


Innate Abilities, Weirdness & Mutations

You have hoof-like feet.
You may rarely emit foul miasma when damaged in melee.
You regenerate a lot of health from kills.
When seriously injured, your bleeding wounds create thick armour. (AC +9)
You punish those that try to bend your will. (Will+)


Message History

Your orc zombie hits the orc warrior from afar with a +0 halberd!
The orc warrior hits you from afar with a +0 trident.
The orc hits your orc zombie with a +0 war axe!
Your orc zombie is destroyed!
The orc hits your orc warrior zombie with a +0 war axe.
The orc hits your orc zombie with a +0 war axe.
Your orc zombie is destroyed!
The orc warrior closely misses you. The orc knight barely misses you.
Your orc zombie barely misses the orc warrior.
The orc warrior hits you but does no damage.
You closely miss the orc warrior.
The orc warrior is lightly wounded.
The orc hits you but does no damage.
The orc warrior hits you from afar with a +0 trident!
* * * LOW HITPOINT WARNING * * *
The orc warrior hits your orc zombie with a +0 trident.
The orc hits your orc zombie with a +0 war axe!
Your orc zombie is destroyed!
The orc hits your orc warrior zombie but does no damage.
The orc knight hits you from afar with a +0 glaive!
* * * LOW HITPOINT WARNING * * *
The orc warrior misses you.
Your orc warrior zombie barely misses the orc warrior.
Your orc zombie hits the orc warrior from afar with a +0 halberd!
Your orc zombie barely misses the orc warrior.
Okay, then.
As you read the scroll of summoning, it crumbles to dust.
Wisps of shadow whirl around you... The orc hits you but does no damage.
The orc warrior hits your orc zombie with a +0 hand axe.
The orc warrior hits you but does no damage.
The orc warrior hits your orc warrior zombie but does no damage.
The orc warrior hits your orc zombie from afar with a +0 trident!
Your orc zombie is destroyed!
The orc hits your orc zombie with a +0 war axe!
Your orc zombie is destroyed!
The orc hits your orc warrior zombie but does no damage.
The orc warrior barely misses you.
The orc knight hits you from afar with a +0 glaive.
You die...
Your body rises from the dead as a mindless zombie.

####### #######
##.....#########o....##
##.).....#..g.o#Zoo....+
.#).)....'.....')oo....+
.'.......'....oZ@ooo...+
.#..)))..'.g.og'Z.oo...+
##...)...#..o..#).o....+
##.)...#########o....##
####### #######


You could see an orc knight, 5 orc warriors, 5 orcs, a friendly orc warrior
(summoned), 3 friendly gnolls, 4 friendly orcs, 2 friendly orc zombies and a
friendly orc warrior zombie.

Vanquished Creatures
  A two-headed ogre (D:10)
  An ugly thing (D:9)
  3 trolls
  A hornet (D:8)
  A shadow (D:9)
  A wyvern (D:7)
  2 yaks (D:9)
  A vampire (D:8)
  Grum (D:8)
  2 water moccasins
  4 orc warriors
  3 black bears
  An ice beast (D:8)
  A sky beast (D:5)
  2 ogres
  2 wolves (D:7)
  2 kobold brigands (D:9)
  2 bullfrogs (D:7)
  A scorpion (D:6)
  A killer bee (D:9)
  A water moccasin skeleton (D:6)
  3 wights (D:7)
  2 electric eels (D:9)
  2 centaur zombies (D:9)
  An iron imp (D:7)
  A jelly (D:6)
  5 bullfrog skeletons
  6 orc priests
  A gnoll shaman (D:7)
  A hound (D:6)
  2 iguanas
  A centaur skeleton (D:5)
  9 orc wizards
  6 gnolls
  6 adders
  A white imp (D:6)
  2 worms
  2 dart slugs
  41 orcs
  9 bats
  4 endoplasms
  5 giant cockroaches
  11 goblins
  A hobgoblin (D:2)
  2 jackals (D:2)
  11 quokkas
  6 ball pythons
  7 frilled lizards
  2 goblin zombies (D:7)
  2 hobgoblin zombies (D:7)
  16 kobolds
  3 kobold skeletons (D:7)
  An orc skeleton (D:7)
  13 rats
219 creatures vanquished.

Vanquished Creatures (collateral kills)
  Maggie (D:6)
  A slime creature (D:9)
  A shadow (D:9)
  2 orc warriors
  A killer bee (D:9)
  A howler monkey (D:9)
  A wight (D:7)
  A centaur skeleton (D:6)
  An orc priest (D:10)
  An orc wizard (D:6)
  A howler monkey zombie (D:9)
  A gnoll (D:7)
  11 orcs
24 creatures vanquished.

Vanquished Creatures (others)
  A bullfrog zombie (D:7)
  2 gnoll zombies (D:7)
  A human zombie (D:6)
  An iguana zombie (D:6)
  3 kobold zombies (D:9)
  An orc skeleton (D:6)
  13 orc zombies
  6 plants
28 creatures vanquished.

Grand Total: 271 creatures vanquished

Notes
Turn   | Place    | Note
-------+----------+-------------------------------------------
     0 | D:1      | garrulousMonolith the Demonspawn Gladiator began the quest
                  | for the Orb.
     0 | D:1      | Reached XP level 1. HP: 16/16 MP: 1/1
   225 | D:1      | Gained mutation: You may rarely emit foul miasma when
                  | damaged in melee. [demonic ancestry]
   225 | D:1      | Reached XP level 2. HP: 18/22 MP: 2/2
   470 | D:1      | Reached skill level 3 in Long Blades
   770 | D:1      | Found a faded altar of an unknown god.
   865 | D:1      | Gained mutation: You have large cloven feet. [demonic
                  | ancestry]
   865 | D:1      | Reached XP level 3. HP: 28/28 MP: 3/3
   975 | D:1      | Reached skill level 1 in Armour
  1632 | D:2      | Gained mutation: You regenerate a little health from kills.
                  | [demonic ancestry]
  1632 | D:2      | Reached XP level 4. HP: 28/34 MP: 4/4
  2243 | D:3      | Found an ornate altar of the Wu Jian Council.
  2260 | D:3      | Found a basalt altar of Yredelemnul.
  2264 | D:3      | Became a worshipper of Yredelemnul the Dark
  2330 | D:3      | Found a radiant altar of Vehumet.
  2562 | D:3      | Found an opulent altar of Gozag.
  2704 | D:3      | Gained mutation: You have hoof-like feet. [demonic
                  | ancestry]
  2704 | D:3      | Reached XP level 5. HP: 38/40 MP: 5/5
  2900 | D:4      | Reached skill level 4 in Long Blades
  3109 | D:4      | Noticed a black bear
  3122 | D:3      | Killed a black bear
  3123 | D:3      | Reached skill level 1 in Invocations
  3123 | D:3      | Gained mutation: When seriously injured, your bleeding
                  | wounds create armour. (AC +9) [demonic ancestry]
  3123 | D:3      | Reached XP level 6. HP: 43/47 MP: 5/7
  3125 | D:4      | Reached * piety under Yredelemnul
  3335 | D:4      | Got the Almanac of the Cloudy Frostbite
  3616 | D:5      | Entered Level 5 of the Dungeon
  3701 | D:5      | Reached skill level 5 in Long Blades
  3701 | D:5      | Gained mutation: When seriously injured, your bleeding
                  | wounds create thick armour. (AC +9) [demonic ancestry]
  3701 | D:5      | Reached XP level 7. HP: 32/52 MP: 7/9
  3992 | D:5      | Found Loloz's Antique Armour Emporium.
  4556 | D:6      | Noticed Maggie
  4567 | D:6      | Killed Maggie
  4568 | D:6      | Gained mutation: You punish those that try to bend your
                  | will. (Will+) [demonic ancestry]
  4568 | D:6      | Reached XP level 8. HP: 31/61 MP: 9/11
  4624 | D:6      | Reached skill level 6 in Long Blades
  4840 | D:6      | Your ally Maggie died
  5009 | D:6      | Found an ancient bone altar of Kikubaaqudgha.
  5209 | D:6      | Reached ** piety under Yredelemnul
  5291 | D:6      | Found Agip's Antique Weapon Emporium.
  5498 | D:7      | Reached skill level 5 in Invocations
  5718 | D:7      | Reached skill level 5 in Dodging
  5753 | D:7      | Reached skill level 5 in Fighting
  5824 | D:7      | Found a staircase to the Ecumenical Temple.
  5896 | D:7      | Gained mutation: You regenerate health from kills. [demonic
                  | ancestry]
  5896 | D:7      | Reached XP level 9. HP: 64/68 MP: 13/13
  5933 | D:7      | Reached skill level 7 in Long Blades
  6218 | Temple   | Entered the Ecumenical Temple
  6462 | D:8      | Noticed Grum
  6643 | D:8      | Killed Grum
  7025 | D:8      | Found a stormy altar of Qazlal.
  7638 | D:8      | Found a staircase to the Lair.
  7958 | D:9      | Reached skill level 8 in Long Blades
  7958 | D:9      | Reached skill level 5 in Armour
  9002 | D:9      | Noticed a brown ugly thing
  9007 | D:9      | Noticed a troll
  9018 | D:9      | Gained mutation: You regenerate a lot of health from kills.
                  | [demonic ancestry]
  9018 | D:9      | Reached XP level 10. HP: 52/76 MP: 15/15
  9038 | D:9      | Killed a brown ugly thing
  9085 | D:9      | Got the Incunabulum of Noxious Confrontation
  9274 | D:10     | Entered Level 10 of the Dungeon
  9403 | D:10     | Found a bloodstained altar of Trog.
  9413 | D:10     | Reached *** piety under Yredelemnul
  9463 | D:10     | Noticed a two-headed ogre
  9470 | D:10     | Killed a two-headed ogre
  9471 | D:10     | Reached skill level 9 in Long Blades
  9503 | D:10     | Found a staircase to the Orcish Mines.
  9522 | D:10     | Found Lexkuw's Distillery.
  9530 | D:10     | Bought a potion of heal wounds for 75 gold pieces
  9651 | D:10     | Found a flagged portal.
  9664 | Bailey   | Entered a bailey
  9790 | Bailey   | Noticed an orc knight
  9800 | Bailey   | Slain by an orc knight

Illustrated notes

Levels and vault maps discovered:
D:1:      lightli_arrival_boilingwater, layout_basic,
          dilly_ecumenical_altar_fadedgnrine, minmay_tetromino_i2
D:2:      layout_basic
D:3:      minmay_chambers_of_threes, layout_loops_ring,
          nicolae_overflow_quartered_altars, kennysheep_generic_room_9
D:4:      layout_cave_pools, solitary_fountain
D:5:      layout_gridville, serial_shops, nicolae_shop_statue_plus
D:6:      layout_gridville, mainiacjoe_overflow_24_doors, serial_shops,
          nicolae_lakefront_shop, uniq_maggie
D:7:      layout_rooms, nicolae_tso_besieged_by_evil,
          minmay_temple_entry_glassed_door, nicolae_zen_rock_garden
D:8:      layout_loops_ring, nicolae_qazlal_style_of_elements, lair_entry_dummy,
          serial_bayou_pond_a, uniq_grum
D:9:      minmay_clustersquares, layout_basic, serial_bayou_lake_a
D:10:     layout_roguey, lemuel_doored_altar, orc_0_dummy, serial_shops,
          nicolae_shop_statue_plus, enter_bailey_3
Temple:   dpeg_chambers_temple
Bailey:   bailey_polearm_5, bailey

Skill      XL: |  1  2  3  4  5  6  7  8  9 10 |
---------------+-------------------------------+-----
Throwing       | 2 |  2.0
Long Blades    | 3 4 5 6 8 9 |  9.2
Armour         | 1 2 3 4 5 |  5.9
Dodging        | 3 4 5 6 |  6.6
Fighting       | 3 4 5 6 |  6.9
Invocations    | 1 2 4 5 7 8 |  8.1

Action                   |  1- 3 |  4- 6 |  7- 9 | 10-12 || total
-------------------------+-------+-------+-------+-------++-------
Melee: Long sword        |   107 |   111 |       |       ||   218
       Kick              |    10 |    37 |    33 |       ||    80
       Hand axe          |       |    39 |   213 |    93 ||   345
       Glaive            |       |       |    30 |       ||    30
Throw: Dart              |       |     6 |     9 |       ||    15
Invok: Animate Remains   |       |       |    22 |     8 ||    30
       Injury Mirror     |       |       |     3 |     1 ||     4
       Recall Undead Sla |       |       |     1 |       ||     1
       Animate Dead      |       |       |       |     5 ||     5
Evoke: Wand              |       |       |     4 |     3 ||     7
  Use: Potion            |     1 |       |       |     2 ||     3
       Scroll            |       |       |     8 |     3 ||    11
 Stab: Distracted        |       |       |     2 |     1 ||     3
Armor: Leather armour    |    14 |       |       |       ||    14
       Scale mail        |    32 |    74 |    14 |       ||   120
       Steam dragon scal |       |       |   102 |   106 ||   208
Dodge: Dodged            |    84 |    85 |   195 |   232 ||   596
       Rpst.: Long sword |    26 |    18 |       |       ||    44
